 Dungeon Crawl Stone Soup version 0.27-b1-42-g19c61b19a5 (webtiles) character file.

Game seed: 15365847104649345302

5772 Crownlay the Grappler (level 10, -4/100 HPs)
             Began as a Troll Berserker on July 29, 2021.
             Was a High Priest of Trog.
             Slain by a killer bee (8 damage)
             ... on level 8 of the Dungeon.
             The game lasted 00:17:28 (5977 turns).

Crownlay the Grappler (Troll Berserker)             Turns: 5977, Time: 00:17:28

Health: -4/100     AC:  6    Str: 29    XL:     10   Next: 49%
Magic:  9/9        EV: 10    Int:  3    God:    Trog [*****.]
Gold:   492        SH:  0    Dex: 10    Spells: 9/9 levels left

rFire    . . .     SeeInvis .     - Unarmed
rCold    . . .     Faith    .   (no shield)
rNeg     + . .     Spirit   .   p - +0 troll leather armour
rPois    .         Reflect  .   (helmet restricted)
rElec    .         Harm     .   (no cloak)
rCorr    .         Rampage  .   (gloves unavailable)
Will     .....                  (boots unavailable)
Stlth    +.........             u - amulet of the acrobat
HPRegen  2.26/turn              x - ring of positive energy
MPRegen  0.11/turn              (no ring)

@: lethally poisoned (-4 -> -4), about to teleport, on berserk cooldown, slowed,
very slow
A: large, unfitting armour, claws 3, regeneration 1, shaggy fur 1, tough skin 1
a: Renounce Religion, Berserk, Trog's Hand, Brothers in Arms


You were on level 8 of the Dungeon.
You worshipped Trog.
Trog was extremely pleased with you.
You visited 1 branch of the dungeon, and saw 8 of its levels.
You also visited: Ossuary.

You collected 492 gold pieces.

Inventory:

Hand Weapons
 D - a +3 morningstar
Missiles
 b - 12 boomerangs (quivered)
 v - a throwing net
 y - 6 javelins
Armour
 p - a +0 troll leather armour (worn)
Jewellery
 u - an amulet of the acrobat (around neck)
 w - an amulet of magic regeneration
 x - a ring of positive energy (left claw)
Wands
 g - a wand of mindburst (21)
 A - a wand of digging (8)
 E - a wand of polymorph (6)
Scrolls
 c - 2 scrolls of magic mapping
 d - a scroll of enchant weapon
 e - 2 scrolls of fog
 f - 5 scrolls of amnesia
 j - a scroll of vulnerability
 n - 3 scrolls of noise
 s - a scroll of immolation
 B - a scroll of fear {unknown}
Potions
 a - 4 potions of degeneration {unknown}
 h - 5 potions of mutation {unknown}
 i - 2 potions of flight {unknown}
 k - a potion of lignification
 l - a potion of invisibility {unknown}
 m - 3 potions of might
 o - a potion of brilliance {unknown}
 q - 3 potions of magic {unknown}
 r - 5 potions of curing
 t - 3 potions of haste {unknown}


   Skills:
 * Level 6.6 Fighting
 + Level 0.1 Throwing
 * Level 2.7 Armour
 + Level 2.9 Dodging
 + Level 13.2 Unarmed Combat


You had 9 spell levels left.
You didn't know any spells.
Your spell library was empty.

Dungeon Overview and Level Annotations

Branches:
Dungeon (8/15)             Temple (0/1) D:7         Ossuary (visited)
   Lair: D:8-11

Altars:
Nemelex Xobeh
Okawaru
Qazlal
Trog
Yredelemnul
The Shining One

Shops:
D:6 :


Innate Abilities, Weirdness & Mutations

You are too large for most types of armour.
You have claws for hands.
Your natural rate of healing is unusually fast.
You are covered in fur. (AC +1)
You have tough skin. (AC +1)


Message History

The orc hits you from afar with a +0 trident.
* * * LOW HITPOINT WARNING * * *
The killer bee barely misses you.
Okay, then.
You feel much better.
You feel very sick.
The killer bee stings you but does no damage.
The killer bee closely misses you. The killer bee stings you.
* * * LOW HITPOINT WARNING * * *
You are more poisoned.
The killer bee poisons you! The orc priest closely misses you.
The killer bee stings you but does no damage.
The orc misses you. The killer bee completely misses you.
The orc priest hits you but does no damage.
The killer bee barely misses you. The orc misses you.
You feel very sick. The killer bee completely misses you.
The killer bee barely misses you. The killer bee closely misses you.
The killer bee completely misses you. The killer bee stings you.
* * * LOW HITPOINT WARNING * * *
You are more poisoned.
The killer bee poisons you! The orc misses you.
The killer bee completely misses you.
Things that are here:
a killer bee corpse; a killer bee corpse You feel very sick.
The killer bee completely misses you. The killer bee barely misses you.
The killer bee closely misses you. The killer bee misses you.
The orc closely misses you.
You don't know any spells.
As you read the scroll of teleportation, it crumbles to dust.
You feel strangely unstable.
You feel very sick.
The killer bee stings you but does no damage.
The killer bee barely misses you. The killer bee stings you!
* * * LOW HITPOINT WARNING * * *
The killer bee stings you but does no damage.
The orc priest looks encouraged for a moment.
The killer bee stings you!
You die...

..#...§§§P§##.#
###########
..#.§§.§P.§##.#######
..#....P§..##.##....#
..#..§§§.P.##.##....#
###.[§.....##.##....#
###...§....##.##....#
...........##.##....#
########.####.##....#
#.####.##@...#
########.#.....yy...#
......##.#...)o.o....[..
.........#..............
.>....#######.###.......
.....## #.# .......
.....# ... .......
.....## #... #######
......## #..


You could see 2 killer bees, an orc priest and an orc.

Vanquished Creatures
  Harold (D:7)
  A troll (D:5)
  4 yaks (D:8)
  A steam dragon (D:6)
  Eustachio (D:5)
  3 water moccasins
  Duvessa (D:7)
  2 orc warriors (D:8)
  A hornet zombie (D:8)
  2 ice beasts
  A necrophage (D:5)
  2 sky beasts
  2 ogres
  3 centaurs (D:8)
  3 phantoms
  4 scorpions
  3 bullfrogs
  Dowan (D:7)
  4 killer bees (D:8)
  8 wights
  A howler monkey (D:7)
  A crimson imp (D:3)
  A centaur zombie (D:8)
  5 orc priests
  A gnoll shaman (D:7)
  3 jellies
  A bullfrog skeleton (D:5)
  A bullfrog zombie (D:6)
  7 iguanas
  9 orc wizards
  2 killer bee zombies (D:8)
  9 mummies
  2 howler monkey zombies
  8 gnolls
  5 adders
  A white imp (D:5)
  An adder skeleton (D:4)
  A worm (D:5)
  A dart slug (D:5)
  22 orcs
  7 bats
  6 endoplasms
  A giant cockroach (D:3)
  5 goblins
  7 hobgoblins
  6 jackals (D:5)
  A quokka (D:5)
  6 ball pythons
  3 frilled lizards
  3 hobgoblin zombies
  7 kobolds
  2 kobold skeletons (D:3)
  4 kobold zombies
  4 orc skeletons (D:3)
  6 orc zombies
  A quokka skeleton (D:4)
  4 rats (D:1)
203 creatures vanquished.

Notes
Turn   | Place    | Note
-------+----------+-------------------------------------------
     0 | D:1      | Crownlay the Troll Berserker began the quest for the Orb.
     0 | D:1      | Reached XP level 1. HP: 22/22 MP: 0/0
   369 | D:1      | Reached XP level 2. HP: 29/29 MP: 1/1
  1287 | D:2      | Reached XP level 3. HP: 34/37 MP: 2/2
  1391 | D:3      | Found a faded altar of an unknown god.
  1638 | D:3      | Found a glowing golden altar of the Shining One.
  1648 | D:3      | Reached ** piety under Trog
  1658 | D:3      | Reached skill level 4 in Unarmed Combat
  1658 | D:3      | Reached XP level 4. HP: 45/45 MP: 3/3
  2223 | D:4      | Reached XP level 5. HP: 54/54 MP: 4/4
  2243 | D:4      | Reached skill level 5 in Unarmed Combat
  2328 | D:4      | Reached XP level 6. HP: 20/61 MP: 5/5
  2332 | D:4      | Reached skill level 6 in Unarmed Combat
  2531 | D:4      | Reached XP level 7. HP: 71/71 MP: 6/6
  2531 | D:4      | Reached *** piety under Trog
  2824 | D:4      | Reached skill level 7 in Unarmed Combat
  2943 | D:5      | Entered Level 5 of the Dungeon
  3034 | D:5      | Found a basalt altar of Yredelemnul.
  3086 | D:5      | Noticed Eustachio
  3102 | D:5      | Killed Eustachio
  3103 | D:5      | Reached skill level 8 in Unarmed Combat
  3178 | D:5      | Reached XP level 8. HP: 77/79 MP: 7/7
  3291 | D:5      | Reached skill level 5 in Fighting
  3291 | D:5      | Reached skill level 9 in Unarmed Combat
  3381 | D:5      | Noticed a troll
  3388 | D:5      | Killed a troll
  3597 | D:5      | Reached **** piety under Trog
  3789 | D:6      | Reached skill level 10 in Unarmed Combat
  3827 | D:6      | Found a sand-covered staircase.
  3876 | Ossuary  | Entered an ossuary
  3901 | Ossuary  | Reached XP level 9. HP: 70/88 MP: 8/8
  4239 | D:6      | Found a sparkling altar of Nemelex Xobeh.
  4313 | D:6      | Found Juifer's Book Shop.
  4338 | D:6      | Found a stormy altar of Qazlal.
  4678 | D:7      | Found a staircase to the Ecumenical Temple.
  4699 | D:7      | Reached skill level 11 in Unarmed Combat
  4728 | D:7      | Noticed Harold
  4754 | D:7      | Killed Harold
  4809 | D:7      | Reached skill level 12 in Unarmed Combat
  5028 | D:7      | Noticed Dowan
  5029 | D:7      | Noticed Duvessa
  5037 | D:7      | Killed Duvessa
  5043 | D:7      | Killed Dowan
  5043 | D:7      | Reached ***** piety under Trog
  5044 | D:7      | Reached XP level 10. HP: 99/99 MP: 9/9
  5663 | D:8      | Reached skill level 1 in Armour
  5669 | D:8      | Reached skill level 13 in Unarmed Combat
  5860 | D:8      | Found an iron altar of Okawaru.
  5860 | D:8      | Found a bloodstained altar of Trog.
  5973 | D:8      | HP: 4/100 [orc (5)]
  5977 | D:8      | Slain by a killer bee

Illustrated notes

Levels and vault maps discovered:
D:1:      dpeg_arrival_refuge, layout_basic
D:2:      layout_basic
D:3:      layout_loops_corners, nicolae_tso_besieged_by_evil,
          ebering_ecumenical_altar_abandoned, minmay_crystal_room
D:4:      layout_loops_ring, kennysheep_small_spiral
D:5:      layout_loops_cross, mainiacjoe_overflow_alcove_4,
          kennysheep_generic_room_8, uniq_eustachio
D:6:      layout_loops_ring, mainiacjoe_overflow_paths,
          nicolae_qazlal_scattered_showers,
          lightli_ossuary_entry_decrepit_ruins, serial_shops,
          nicolae_square_shop
D:7:      layout_layer_cave, minmay_temple_entry_statues_fountains, uniq_harold,
          uniq_duvessa
D:8:      layout_basic, grunt_temple_overflow_bloody_war, serial_undead,
          serial_undead_b, serial_undead_c, serial_undead_c, serial_undead_b,
          corexii_corridor_pit

Skill      XL: |  1  2  3  4  5  6  7  8  9 10 |
---------------+-------------------------------+-----
Fighting       | 3 4 5 6 |  6.6
Unarmed Combat | 4 5 6 8 10 12 13 | 13.2
Armour         | 2 |  2.7
Throwing       | |  0.1
Dodging        | |  2.9

Action                   |  1- 3 |  4- 6 |  7- 9 | 10-12 || total
-------------------------+-------+-------+-------+-------++-------
Melee: Unarmed           |    98 |    89 |   266 |    93 ||   546
       Punch             |     2 |     3 |    13 |     7 ||    25
Throw: Boomerang         |       |       |       |     2 ||     2
Invok: Berserk           |       |     1 |     3 |     3 ||     7
       Trog's Hand       |       |       |     1 |       ||     1
  Use: Scroll            |       |       |     9 |     5 ||    14
       Potion            |       |       |     3 |     2 ||     5
 Stab: Sleeping          |     1 |       |       |       ||     1
Armor: Animal skin       |    43 |    12 |       |       ||    55
       Robe              |       |    13 |    22 |       ||    35
       Troll leather arm |       |       |    41 |    59 ||   100
Dodge: Dodged            |    62 |    32 |    97 |   116 ||   307
